 Dungeon Crawl Stone Soup version 0.25.1-9-gc5326a611f (webtiles) character file.

Game seed: 13728213643136179983

1070 kagor the Cudgeler (level 8, 0/61 HPs)
             Began as a Centaur Venom Mage on May 16, 2021.
             Was a Follower of Wu Jian.
             Splashed by a jelly's acid (3 damage)
             ... on level 6 of the Dungeon.
             The game lasted 00:35:23 (4547 turns).

kagor the Cudgeler (Centaur Venom Mage)             Turns: 4547, Time: 00:35:23

Health: 0/61       AC: 15    Str: 11    XL:     8   Next: 7%
Magic:  12/12      EV:  7    Int: 15    God:    Wu Jian [*.....]
Gold:   322        SH:  0    Dex: 11    Spells: 10/13 levels left

rFire    . . .     SeeInvis .   d - +3 flail (holy)
rCold    . . .     Gourm    .   (no shield)
rNeg     . . .     Faith    .   e - +4 ring mail
rPois    .         Spirit   .   b - +1 helmet
rElec    .         Reflect  .   a - +0 cloak
rCorr    .         Harm     .   r - +1 pair of gloves
MR       .....                  m - +0 centaur barding
Stlth    ..........             (no amulet)
HPRegen  0.20/turn              (no ring)
MPRegen  0.13/turn              (no ring)

@: corroded, very quick
A: large, hooves 3, deformed body, speed 2, tough skin 3
a: Renounce Religion


You were on level 6 of the Dungeon.
You worshipped Wu Jian.
Wu Jian was aware of your devotion.
You were not hungry.

You visited 1 branch of the dungeon, and saw 6 of its levels.

You collected 322 gold pieces.

Inventory:

Hand Weapons
 d - a +3 flail of holy wrath (weapon)
 j - a +0 quarterstaff
 n - a +0 hunting sling
 t - a +0 shortbow
Missiles
 f - 192 arrows
 l - 4 javelins (quivered)
 o - 7 poisoned darts
 p - 18 sling bullets
 q - 40 bolts
 v - 4 boomerangs
Armour
 a - a +0 cloak (worn)
 b - a +1 helmet (worn)
 e - a +4 ring mail (worn)
 m - a +0 centaur barding (worn)
 r - a +1 pair of gloves (worn)
Wands
 u - a wand of polymorph (5)
Scrolls
 g - 3 scrolls of remove curse
 i - 7 scrolls of identify
 k - a scroll of blinking
 w - a scroll of fog
Potions
 h - a potion of might
Comestibles
 c - 12 rations
 s - 4 chunks of flesh


   Skills:
 + Level 2.2 Fighting
 + Level 4.2 Maces & Flails
 + Level 0.1 Bows
 + Level 2.0 Throwing
 + Level 1.9 Armour
 + Level 2.6 Dodging
 + Level 1.2 Stealth
 + Level 3.1 Spellcasting
 + Level 2.1 Transmutations
 + Level 1.2 Air Magic
 + Level 3.8 Poison Magic


You had 10 spell levels left.
You knew the following spells:

 Your Spells              Type           Power        Failure   Level  Hunger
a - Sting                 Tmut/Pois      ##..         14%         1    #......
b - Poisonous Vapours     Pois/Air       #.....       26%         2    ##.....

Your spell library contained the following spells:

 Spells                   Type           Power        Failure   Level  Hunger
 Magic Dart               Conj           #...         43%         1    #......
 Ignite Poison            Fire/Tmut/Pois #.......     52%         3    ###....
 Blink                    Tloc           N/A          56%         2    ##.....
 Call Imp                 Summ           #.......     56%         2    ##.....
 Slow                     Hex            #.......     56%         2    ##.....
 Mephitic Cloud           Conj/Pois/Air  #.......     56%         3    ###....
 Olgreb's Toxic Radiance  Pois           ##......     67%         4    #####..
 Conjure Flame            Conj/Fire      #.......     80%         3    ###....


Dungeon Overview and Level Annotations

Branches:
Dungeon (6/15)             Temple (0/1) D:6

Altars:
Fedhas
Ru
Sif Muna
Wu Jian
Yredelemnul

Annotations:
D:3 2 transporters, nebnoj's ghost, amateur MiFi


Innate Abilities, Weirdness & Mutations

You have hooves in place of feet.
Armour fits poorly on your strangely shaped body.
You cover ground very quickly.
You have extremely tough skin. (AC +3)


Message History

The acid corrodes you!
You are splashed with acid!
* * * LOW HITPOINT WARNING * * *
The black bear goes berserk!
Found 15 gold pieces.
An iguana comes into view.
The iguana hisses angrily.
A bullfrog comes into view.
Found a scroll labeled QORPHI HOZXYE.
Throwing (i - inventory. (/) - cycle)
l - 5 javelins (quivered)
Press: ? - help, Shift-Dir - straight line, f/p - jelly
Aim: a jelly You throw a javelin.
The bullfrog croaks.
The javelin pierces through the jelly.
The jelly is lightly wounded.
You spin to attack the jelly, but your attack speed is too slow for a blow to land.
The jelly hits you but does no damage.
The black bear rages.
You sock the jelly!
Your hands burn!
You die...

#.###....).#.######
#.#..........(....#
#......#####......#
.###...#.## #......#
.#........# #.†....#
...##.#.#...# ##h....#
##....#.###...##Z#####
###..##... #....J##
#....#........#.@..#
#[..##..>..##.%..#.#
#.#........#....##..#
....###...##...# #..$
..#...###.#..#[ #.l.
.##.....#.#.... F...?
#÷..#.......... ....
..###<...#.... ....
##...........


You could see a black bear (berserk), an iguana, a jelly and a leopard gecko
skeleton.

Vanquished Creatures
  Sigmund (D:4)
  Edmund (D:4)
  A phantom (D:5)
  An ogre (D:6)
  2 centaurs (D:5)
  2 scorpions (D:5)
  A crimson imp (D:6)
  A centaur skeleton (D:4)
  2 bullfrog skeletons
  2 worker ants
  A hound zombie (D:6)
  A hound skeleton (D:5)
  A gnoll (D:1)
  8 adders
  An adder zombie (D:4)
  An adder skeleton (D:6)
  A dart slug (D:3)
  3 leopard geckos
  10 orcs
  2 ball pythons (D:3)
  8 bats
  3 giant cockroaches
  6 goblins
  6 hobgoblins
  5 jackals
  4 quokkas
  5 frilled lizards
  8 kobolds
  A leopard gecko skeleton (D:5)
  4 rats
93 creatures vanquished.

Notes
Turn   | Place    | Note
-------+----------+-------------------------------------------
     0 | D:1      | kagor the Centaur Venom Mage began the quest for the Orb.
     0 | D:1      | Reached XP level 1. HP: 14/14 MP: 3/3
   403 | D:1      | Reached XP level 2. HP: 13/20 MP: 2/4
   691 | D:2      | Reached XP level 3. HP: 26/26 MP: 3/5
   743 | D:2      | Reached skill level 1 in Transmutations
   910 | D:2      | Reached XP level 4. HP: 25/33 MP: 5/7
  1477 | D:2      | Found a blossoming altar of Fedhas.
  1477 | D:2      | Found a sacrificial altar of Ru.
  1477 | D:2      | Found an ornate altar of the Wu Jian Council.
  1485 | D:2      | Reached skill level 1 in Maces & Flails
  1504 | D:2      | Became a worshipper of the Wu Jian Council
  1820 | D:3      | Found a basalt altar of Yredelemnul.
  1932 | D:3      | Found a shimmering blue altar of Sif Muna.
  2179 | D:3      | Found a transporter.
  2184 | D:3      | Found a transporter.
  2184 | D:3      | Noticed a small abomination
  2222 | D:3      | Noticed nebnoj's ghost (amateur MiFi)
  2344 | D:3      | Reached XP level 5. HP: 37/38 MP: 6/8
  2380 | D:3      | Learned a level 2 spell: Poisonous Vapours
  3298 | D:4      | Noticed Edmund
  3309 | D:4      | Killed Edmund
  3309 | D:4      | Reached skill level 2 in Maces & Flails
  3309 | D:4      | Reached skill level 1 in Armour
  3309 | D:4      | Reached XP level 6. HP: 46/46 MP: 6/10
  3336 | D:4      | Noticed Sigmund
  3345 | D:4      | Killed Sigmund
  3345 | D:4      | Reached * piety under Wu Jian
  3345 | D:4      | Reached skill level 1 in Fighting
  3629 | D:5      | Entered Level 5 of the Dungeon
  3666 | D:5      | Got a slimy ring mail
  3667 | D:5      | Identified the cursed +0 ring mail of the Moon Troll {rElec
                  | Regen+} (You found it on level 5 of the Dungeon)
  3714 | D:5      | Reached skill level 3 in Maces & Flails
  3714 | D:5      | Reached skill level 1 in Throwing
  3714 | D:5      | Reached XP level 7. HP: 52/52 MP: 9/11
  4424 | D:6      | Found a staircase to the Ecumenical Temple.
  4469 | D:6      | Reached skill level 1 in Air Magic
  4474 | D:6      | Reached skill level 4 in Maces & Flails
  4524 | D:6      | Reached XP level 8. HP: 11/61 MP: 10/12
  4542 | D:6      | HP: 2/61 [acid (10)]
  4547 | D:6      | Splashed by a jelly's acid

Illustrated notes

Levels and vault maps discovered:
D:1:      scummos_arrival_forest, layout_loops_ring
D:2:      layout_basic, gammafunk_temple_overflow_claw, minivault_23,
          nicolae_ru_the_path_less_chosen
D:3:      layout_loops_ring, kennysheep_ying_yang, tgw_sif, marbit_many_paths,
          gammafunk_ghost_abyssal_escape, first_ration
D:4:      layout_loops_cross, sigmund_edmund_badplayer
D:5:      layout_rooms, lightli_corner_chamber
D:6:      layout_rooms, minmay_temple_entry_slanted

Skill      XL: |  1  2  3  4  5  6  7 |
---------------+----------------------+-----
Poison Magic   | 3 |  3.8
Transmutations | 1 2 |  2.1
Spellcasting   | 2 3 |  3.1
Maces & Flails | 1 2 3 4 |  4.2
Dodging        | 2 |  2.6
Armour         | 1 |  1.9
Fighting       | 1 2 |  2.2
Throwing       | 1 2 |  2.0
Air Magic      | 1 |  1.2
Bows           | |  0.1
Stealth        | |  1.2

Action                   |  1- 3 |  4- 6 |  7- 9 || total
-------------------------+-------+-------+-------++-------
Melee: Unarmed           |    18 |       |       ||    18
       Kick              |     9 |    18 |    16 ||    43
       Flail             |    61 |   121 |    77 ||   259
 Fire: Shortbow          |       |       |     2 ||     2
Throw: Javelin           |       |     9 |    14 ||    23
 Cast: Sting             |    15 |    18 |     6 ||    39
       Poisonous Vapours |       |     3 |     2 ||     5
Invok: Lunge             |       |     6 |     3 ||     9
       Whirlwind         |       |       |     4 ||     4
  Use: Potion            |     3 |     2 |     1 ||     6
       Scroll            |     4 |     6 |     4 ||    14
  Eat: Chunk             |       |     4 |       ||     4
       Ration            |       |     1 |     1 ||     2
Armor: Leather armour    |     8 |       |       ||     8
       Ring mail         |    61 |    76 |    85 ||   222
       Robe              |     1 |       |       ||     1
Dodge: Dodged            |    31 |    49 |    26 ||   106
